Map: Lerilak Crest

Players

lesha - Winner!

  • Race: Terran Terran
  • League: Silver

Schnubbel

  • Race: Terran Terran
  • League: Silver

VOD

Have the link to the VOD?

Description

Time

  • Played on: Dec. 11, 2015, 8:58 p.m.
  • Length: 11:25
Show
View Real Time Build Order
Export as new Build Order

lesha Terran - Winner!

Build Orders:  

Get SALT Encoding   

  12  0:01  SCV  
  13  0:17  Supply Depot  
  13  0:19  SCV  
  14  0:31  SCV  
  15  0:42  Barracks  
  15  0:43  SCV  
  16  0:55  SCV  
  17  1:11  SCV  
  18  1:21  Command Center  
  18  1:25  Refinery  
  18  1:27  SCV  
  19  1:36  Marine  
  19  1:39  Orbital Command  
  20  2:02  Refinery  
  20  2:07  SCV  
  21  2:20  SCV  
  22  2:24  Marine  
  23  2:33  SCV, Factory  
  23  2:34  Orbital Command  
  24  2:49  SCV, Barracks  
  25  2:58  Supply Depot  
  25  3:01  SCV  
  25  3:05  SCV  
  27  3:13  SCV  
  27  3:16  Barracks Reactor  
  27  3:17  SCV  
  27  3:19  Factory Reactor  
  29  3:25  Starport  
  29  3:32  SCV x2  
  31  3:44  SCV x2  
  31  3:45  Barracks Reactor  
  33  3:48  Barracks Tech Lab  
  33  4:00  Engineering Bay  
  33  4:02  Engineering Bay  
  33  4:13  Barracks  
  33  4:14  Factory Tech Lab  
  33  4:17  Medivac  
  33  4:18  Medivac  
  33  4:22  Marauder  
  33  4:23  Marine x2  
  41  4:27  SCV x2  
  43  4:33  Refinery  
  43  4:36  Refinery  
  43  4:39  SCV x2, Stimpack  
  43  4:42  Marine  
  46  4:48  Supply Depot  
  46  4:49  Supply Depot  
  46  4:50  Terran Infantry Weapons Level 1  
  46  4:52  Supply Depot  
  46  4:55  Terran Infantry Armor Level 1  
  46  5:09  Marine x4  
  46  5:10  SCV x2  
  52  5:20  Medivac  
  54  5:22  SCV x2  
  54  5:27  Marine x2  
  58  5:33  Siege Tank  
  58  5:34  SCV x2  
  62  5:47  Marine x2  
  62  5:48  Marine  
  62  5:49  Marine  
  66  5:59  SCV x2  
  68  6:05  Marine x2  
  70  6:15  Supply Depot  
  70  6:16  Supply Depot  
  70  6:18  Supply Depot  
  70  6:24  SCV  
  70  6:26  Marauder  
  68  6:39  Marine x2  
  69  6:40  Marine  
  69  6:41  Medivac x2  
  73  6:47  Marine  
  72  7:03  Barracks Reactor  
  72  7:05  Marine x3  
  75  7:14  Barracks  
  75  7:15  Barracks x2  
  75  7:23  Marine x3  
  75  7:24  Medivac x2  
  82  7:31  Armory  
  82  7:40  Command Center, Marine  
  83  8:01  SCV x2  
  85  8:09  Refinery  
  84  8:13  SCV x2  
  77  8:36  Marine  
  77  8:37  Marine x7  
  74  8:54  Marine x3  
  74  8:55  Marine x3  
  65  9:22  Marine x2  
  65  9:23  Marine x3  
  65  9:24  Marine x3  
  71  9:25  Medivac x2  
  77  9:35  Command Center  
  77  9:40  Marine x3  
  80  9:47  Orbital Command  
  80  9:52  SCV x2  
  82  9:55  Medivac x2  
  86  10:04  SCV  
  86  10:05  SCV  
  86  10:06  Supply Depot  
  88  10:09  Supply Depot  
  87  10:17  SCV x2  
  86  10:26  SCV  
  87  10:29  SCV x2  
  87  10:34  Marine x2  
  87  10:35  Marine x2  
  93  10:38  SCV  
  93  10:41  SCV  
  95  10:58  SCV x4  
  95  11:00  Marine  
  95  11:01  Marine x5  
  109  11:10  SCV x4  
Show
View Real Time Build Order
Export as new Build Order

Schnubbel Terran 

Build Orders:  

Get SALT Encoding   

  12  0:01  SCV  
  13  0:13  SCV  
  14  0:17  Supply Depot  
  14  0:25  SCV  
  15  0:39  SCV  
  15  0:40  Barracks  
  16  0:51  SCV  
  17  1:03  SCV  
  18  1:10  Refinery  
  18  1:15  SCV  
  19  1:32  SCV  
  20  1:37  Command Center  
  20  1:39  Marine  
  21  1:44  Orbital Command  
  21  2:05  Barracks  
  21  2:10  Barracks Reactor  
  21  2:12  Supply Depot  
  21  2:20  Supply Depot  
  21  2:23  SCV  
  22  2:35  SCV  
  23  2:37  Factory  
  23  2:47  SCV  
  23  2:50  Orbital Command  
  24  2:54  Barracks Tech Lab  
  24  2:56  Marine  
  25  2:59  SCV  
  25  3:01  Supply Depot  
  26  3:07  Refinery  
  26  3:09  Marine  
  26  3:11  SCV  
  28  3:19  SCV  
  29  3:23  SCV  
  30  3:31  SCV  
  31  3:35  SCV  
  31  3:38  Supply Depot  
  31  3:41  Starport  
  32  3:42  Factory Reactor  
  32  3:43  SCV  
  32  3:46  Marine x3  
  32  3:48  SCV  
  37  3:55  SCV  
  37  4:00  SCV  
  37  4:01  Supply Depot  
  39  4:04  Marine  
  39  4:07  SCV  
  41  4:10  Marine  
  41  4:12  SCV  
  41  4:16  Marauder  
  45  4:18  Stimpack  
  45  4:20  SCV  
  45  4:21  Marine  
  47  4:28  Barracks  
  47  4:29  SCV  
  47  4:30  Marine  
  49  4:32  SCV  
  49  4:33  Medivac  
  53  4:39  Supply Depot, Marine  
  53  4:41  SCV  
  55  4:46  SCV  
  55  4:48  Bunker, Marine  
  55  4:51  Bunker  
  58  4:52  Marauder  
  58  4:53  SCV  
  58  4:58  SCV, Marine  
  61  5:00  Medivac  
  61  5:05  SCV  
  61  5:06  Marine  
  65  5:12  Supply Depot  
  67  5:14  Marauder  
  67  5:15  SCV  
  67  5:16  Marine  
  67  5:17  SCV  
  70  5:24  Marine  
  70  5:27  SCV  
  72  5:29  SCV  
  72  5:33  Marine  
  72  5:35  Supply Depot, Marauder  
  76  5:39  SCV, Supply Depot  
  76  5:40  Engineering Bay  
  76  5:41  SCV  
  76  5:42  Marine  
  79  5:51  SCV, Marine  
  79  5:53  SCV  
  79  5:56  Command Center  
  79  5:57  Marauder  
  84  5:59  Marine  
  84  6:03  SCV  
  83  6:05  SCV  
  83  6:09  Marine  
  84  6:14  Medivac x2  
  84  6:17  Marine  
  84  6:18  Supply Depot, Marauder  
  91  6:19  Supply Depot  
  88  6:27  Marine  
  88  6:28  SCV x2  
  88  6:35  Marine  
  88  6:39  Marauder  
  80  6:45  Marine  
  80  6:53  Marine  
  81  7:01  Missile Turret, Marauder  
  73  7:02  Missile Turret, Marine  
  73  7:03  Missile Turret  
  73  7:05  Missile Turret  
  73  7:07  SCV x2  
  76  7:11  Marine  
  77  7:19  SCV x2  
  77  7:20  Marine  
  77  7:22  Marauder  
  82  7:29  Marine  
  83  7:31  SCV x2  
  85  7:38  Marine  
  85  7:41  Missile Turret  
  85  7:43  SCV  
  85  7:44  SCV, Marauder  
  90  7:45  Missile Turret x2  
  90  7:47  Marine  
  90  7:49  Missile Turret x2  
  91  7:52  Missile Turret, Orbital Command  
  91  7:56  SCV x2, Marine  
  94  7:58  Barracks  
  94  8:04  Marine  
  94  8:05  Marine  
  96  8:14  Marine  
  97  8:22  Marine  
  74  8:42  Marine  
  74  8:43  Marine  
  76  8:53  Marine  
  75  8:58  Medivac x2  
  75  9:00  Marine  
  75  9:01  SCV x2  
  71  9:03  Marine  
  70  9:11  Barracks, Marauder  
  70  9:12  Barracks  
  70  9:13  SCV x2  
  74  9:18  Marine  
  74  9:19  SCV  
  74  9:21  Marine  
  77  9:25  SCV x2  
  77  9:31  SCV  
  80  9:32  Marauder  
  80  9:36  Marine  
  80  9:37  SCV x2  
  85  9:39  Marine  
  86  9:49  Marine  
  87  9:53  Marine  
  87  9:54  Marine  
  87  9:57  Marine  
  90  10:03  Barracks x2  
  90  10:07  Marine  
  90  10:10  SCV x3  
  90  10:11  Marauder  
  94  10:14  Command Center  
  94  10:19  Marine x3  
  71  10:22  SCV x2  
  71  10:23  SCV  
  71  10:25  Marine  
  71  10:27  Command Center  
  75  10:33  Marauder  
  77  10:37  SCV x3, Marine x3  
  83  10:43  Marine  
  83  10:49  SCV x2  
  77  10:53  Barracks  
  77  10:54  Marine x2  
  77  10:55  Marine  
  79  11:02  Marine x2  
  59  11:06  Marine x2  
Tags
 
Add a new tag
Caveats
  • Supply blocks, unpowered buildings, or Contaminate may cause inaccurate times.
  • Supply counts are checked every 10 seconds.